 Dungeon Crawl Stone Soup version 0.29.0-11-gd7f09526c8 (webtiles) character file.

Game seed: 14231810805550680798

105 leavemydog the Conjurer (level 4, 0/24 HPs)
             Began as a Deep Elf Conjurer on Sept 3, 2022.
             Slain by Crazy Yiuf
             ... wielding a +3 quarterstaff of chaos
              (7 damage)
             ... on level 3 of the Dungeon.
             The game lasted 00:03:12 (2979 turns).

leavemydog the Conjurer (Deep Elf Conjurer)         Turns: 2979, Time: 00:03:13

Health: 0/24       AC:  3    Str:  8    XL:     4   Next: 53%
Magic:  9/12       EV: 12    Int: 24    God:
Gold:   162        SH:  0    Dex: 12    Spells: 5/12 levels left

rFire   . . .      SeeInvis .   (no weapon)
rCold   . . .      Faith    .   (no shield)
rNeg    . . .      Spirit   .   a - +0 robe
rPois   .          Reflect  .   (no helmet)
rElec   .          Harm     .   (no cloak)
rCorr   .          Rampage  .   (no gloves)
Will    .....                   d - +0 pair of boots
Stlth   ++........              (no amulet)
HPRegen 0.08/turn               (no ring)
MPRegen 0.13/turn               (no ring)

@: invisible
A: strong 1
a: no special abilities


You were on level 3 of the Dungeon.
You visited 1 branch of the dungeon, and saw 3 of its levels.

You collected 162 gold pieces.

Inventory:

Armour
 a - a +0 robe (worn)
 d - a +0 pair of boots (worn)
Scrolls
 c - 2 scrolls of magic mapping {unknown}
 e - a scroll of teleportation
 f - a scroll of poison
 h - a scroll of butterflies
Potions
 b - 2 potions of magic
 g - a potion of ambrosia
 i - a potion of lignification {unknown}
 j - a potion of mutation
 k - a potion of heal wounds


   Skills:
 - Level 2.4 Dodging
 - Level 2.4 Stealth
 + Level 4.5 Spellcasting
 + Level 5.9 Conjurations


You had 5 spell levels left.
You knew the following spells:

 Your Spells              Type           Power      Damage    Failure   Level
a - Magic Dart            Conj           100%       1d8       1%          1
b - Searing Ray           Conj           68%        2d6       1%          2
c - Iskenderun's Mystic   Conj/Tloc      19%        2d6       26%         4

Your spell library contained the following spells:

 Spells                   Type           Power      Damage    Failure   Level
 Dazzling Flash           Conj/Hex       38%        N/A       9%          3
 Freeze                   Ice            20%        1d4       10%         1
 Ensorcelled Hibernation  Hex/Ice        10%        N/A       14%         2
 Passwall                 Tmut/Erth      4%         N/A       14%         2
 Poisonous Vapours        Pois/Air       10%        N/A       14%         2
 Fulminant Prism          Conj/Hex       9%         3d7       26%         4
 Hailstorm                Conj/Ice       19%        3d6       26%         4
 Call Canine Familiar     Summ           5%         N/A       28%         3
 Frozen Ramparts          Ice            10%        1d2       28%         3
 Portal Projectile        Hex/Tloc       10%        N/A       28%         3
 Swiftness                Air            5%         N/A       28%         3
 Corpse Rot               Necr/Pois/Air  5%         N/A       67%         4
 Leda's Liquefaction      Hex/Erth       2%         N/A       67%         4
 Petrify                  Tmut/Erth      5%         N/A       67%         4
 Summon Ice Beast         Ice/Summ       5%         N/A       67%         4
 Metabolic Englaciation   Hex/Ice        2%         N/A       95%         5
 Summon Mana Viper        Hex/Summ       5%         N/A       95%         5
 Statue Form              Tmut/Erth      3%         N/A       100%        6
 Monstrous Menagerie      Summ           2%         N/A       100%        7


Dungeon Overview and Level Annotations

Branches:
Dungeon (3/15)

Altars:
Wu Jian

Annotations:
D:3 Crazy Yiuf


Innate Abilities, Weirdness & Mutations

Your muscles are strong. (Str +4, Int/Dex -1)


Message History

The magic dart hits the kobold.
The kobold is heavily wounded.
The kobold shouts!
The magic dart hits the kobold!
You kill the kobold!
You can't see any susceptible monsters within range! (Use Z to cast anyway.)
You can't see any susceptible monsters within range! (Use Z to cast anyway.) Magic restored.
There is an open door here.
Found a stone staircase leading down and a stone staircase leading up.
There is a stone staircase leading up here.
Found a hammer.
Found three hammers.
You see here a +0 hammer.
You see here a +0 hammer.
You see here a +0 hammer.
Found a hammer.
Found a runed translucent door.
Crazy Yiuf shouts!
Found a hammer.
Crazy Yiuf laughs, "Orb!
Announcement sizzlefizz sizzlefizz."
You see here a +0 hammer.
You open the door.
Crazy Yiuf sings, "Trees, trees, trees, circus!"
Casting: Magic Dart (safe; 1% risk of failure)
Confirm with . or Enter, or press ? or * to list all spells.
Aiming: Searing Ray (safe; 1% risk of failure)
Press: ? - help, Shift-Dir - straight line, f - Crazy Yiuf
Aim: Crazy Yiuf, wielding a +3 quarterstaff of chaos and wearing a +0 cloak of willpower (83% to hit)
The searing ray hits Crazy Yiuf.
Crazy Yiuf is moderately wounded. (Press . to maintain the ray.) Crazy Yiuf says, "Crazy?
Crazy!?
PORCUPINE!"
Crazy Yiuf hits you with a +3 quarterstaff of chaos!
Ouch! That really hurt!
* * * LOW HITPOINT WARNING * * *
You fade into invisibility!
The searing ray hits Crazy Yiuf.
Crazy Yiuf is severely wounded.
Crazy Yiuf hits you with a +3 quarterstaff of chaos!
You die...

### #.#### #.# #....
#.# #.# ##### #.# #+# #
#.# ##### # # #.# #)..#
## ## #.# #...# #.
.#########.# ..) ####.
...........# #g# +....
.#########.# #@## ####.
## #.....# ##.# ## .#
#.###.# #.## # .# #.#
#.# ##.# ## .# #.# #.#
##)## #+# #. .# #.# #.#
##...# #.#### #) .# #.#
#.# #..).# #.... #. .#
#.###.# #..))# ##..# #.
.#
#...^.####....###...###
#.


You could see Crazy Yiuf (unable to see you).

Vanquished Creatures
  An iguana (D:3)
  A gnoll (D:1)
  2 adders
  A dart slug (D:1)
  An orc (D:3)
  5 endoplasms
  5 giant cockroaches
  4 goblins
  5 hobgoblins
  5 kobolds
  5 ball pythons
  6 bats
  A frilled lizard (D:1)
  4 rats
46 creatures vanquished.

Notes
Turn   | Place    | Note
-------+----------+-------------------------------------------
     0 | D:1      | leavemydog the Deep Elf Conjurer began the quest for the
                  | Orb.
     0 | D:1      | Reached XP level 1. HP: 10/10 MP: 6/6
    74 | D:1      | Found a faded altar of an unknown god.
   219 | D:1      | Reached XP level 2. HP: 15/15 MP: 4/8
   222 | D:1      | Learned a level 2 spell: Searing Ray
   380 | D:1      | Reached skill level 5 in Conjurations
   477 | D:1      | Reached XP level 3. HP: 3/19 MP: 3/10
  1559 | D:2      | Gained mutation: Your muscles are strong. (Str +4, Int/Dex
                  | -1) [potion of mutation]
  2016 | D:2      | Found an ornate altar of the Wu Jian Council.
  2115 | D:3      | Reached XP level 4. HP: 16/24 MP: 4/12
  2176 | D:3      | Learned a level 4 spell: Iskenderun's Mystic Blast
  2973 | D:3      | Found a runed translucent door.
  2974 | D:3      | Noticed Crazy Yiuf
  2979 | D:3      | Slain by Crazy Yiuf

Illustrated notes

Levels and vault maps discovered:
D:1:      tarquinn_simple_flora_water_e, layout_rooms,
          ebering_ecumenical_altar_abandoned
D:2:      layout_loops_ring, basic_altar, lemuel_old_faithful
D:3:      layout_loops_corners, uniq_crazy_yiuf_cottage

Skill      XL: |  1  2  3 |
---------------+----------+-----
Conjurations   | 5 |  5.9
Spellcasting   | 4 |  4.5
Dodging        | |  2.4
Stealth        | |  2.4

Action                   |  1- 3 |  4- 6 || total
-------------------------+-------+-------++-------
 Cast: Magic Dart        |    67 |    26 ||    93
       Searing Ray       |     2 |     1 ||     3
  Use: Potion            |     3 |       ||     3
       Scroll            |       |     4 ||     4
Armor: Robe              |     3 |     1 ||     4
Dodge: Dodged            |     4 |       ||     4
